 Dungeon Sprint DCSS version 0.31-a0-931-g7b59d4eb97 (webtiles) character file.

Game seed: 1457861678543628286

322 rocky1 the Carver (level 6, -1/48 HPs)
             Began as a Djinni Gladiator on Oct 20, 2023.
             Was a Follower of Cheibriados.
             Slain by a two-headed ogre
             ... wielding a +0 giant club
              (5 damage)
             ... in the Dungeon (Sprint IX: "|||||||||||||||||||||||||||||").
             The game lasted 00:01:22 (674 turns).

rocky1 the Carver (Djinni Gladiator)                 Turns: 674, Time: 00:01:22

Health: -1/48      AC: 12    Str: 18    XL:     6   Next: 76%
Gold:   0          EV: 12    Int: 11    God:    Cheibriados [*.....] SH:  0 Dex: 22

rFire   + + .        m - +2 scimitar of the Ship {freeze, rElec}
rCold   x . .        (no shield)
rNeg    . . .        o - +1 chain mail
rPois   ∞            c - +0 helmet
rElec   +            (no cloak)
rCorr   .            n - +0 pair of gloves
SInv    .            (boots unavailable)
Will    .....        (no amulet) Stlth
                     q - +3 ring of dexterity
HPRegen 0.28/turn    p - +3 ring of strength
MPRegen 0.00/turn

%: no teleportation, infuse magic (-2 HP)
@: flying, very slow
A: sickness immunity, fire resistance 2, cold vulnerability 1, float, innate
caster, HP casting, extra vitality 1
a: Renounce Religion, Bend Time


You were in the Dungeon.
You worshipped Cheibriados.
Cheibriados was aware of your devotion.
You visited 1 branch

Inventory:

Hand Weapons
 a - a +0 long sword
 m - the +2 scimitar of the Ship (weapon) {freeze, rElec}
   (You found it in the Dungeon)

   rElec:     It insulates you from electricity.
Missiles
 d - 3 throwing nets
 e - a javelin (quivered)
Armour
 b - a +0 leather armour
 c - a +0 helmet (worn)
 n - a +0 pair of gloves (worn)
 o - a +1 chain mail (worn)
Jewellery
 p - a +3 ring of strength (right hand)
 q - a +3 ring of dexterity (left hand)
Wands
 l - a wand of roots (10)
Scrolls
 j - 2 scrolls of blinking
Potions
 f - 5 potions of curing
 h - a potion of haste
 i - a potion of berserk rage
 k - a potion of heal wounds


   Skills:
 + Level 4.3 Fighting
 * Level 9.3 Long Blades
 - Level 1.8 Throwing
 + Level 2.3 Armour
 + Level 7.7 Dodging
 + Level 1.6 Stealth
 * Level 3.3 Invocations


You knew the following spells:

 Your Spells              Type           Power      Damage    Failure   Level
a - Necrotise             Necr           0%         1d4       98%         1
b - Passwall              Tmut/Erth      0%         N/A       99%         2
Your spell library was empty.

Dungeon Overview and Level Annotations

Branches:
Dungeon (1/1)

Altars:
Cheibriados
Dithmenos
Elyvilon
Fedhas
Gozag
Hepliaklqana
Makhleb
Nemelex Xobeh
Okawaru
Qazlal
Ru
Trog
Uskayaw
Wu Jian
Xom
Yredelemnul
Zin
The Shining One
Jiyva
Lugonu


Innate Abilities, Weirdness & Mutations

You are immune to sickness and miasma.
You are immune to poison.
Your flesh is very heat resistant. (rF++)
You are vulnerable to cold. (rC-)
You float through the air rather than walking.
You learn spells naturally, not from books.
Your magical power is your life essence.
You have superior vitality. (+4 MHP)


Message History

You completely miss the kobold brigand.
The kobold brigand is moderately wounded.
The kobold brigand hits you but does no damage.
You hit the kobold brigand. You freeze the kobold brigand.
The kobold brigand is heavily wounded.
You flicker for a moment.
The kobold brigand misses you.
You hit the kobold brigand. You freeze the kobold brigand.
The kobold brigand is severely wounded.
The kobold brigand misses you.
You barely miss the kobold brigand.
The kobold brigand is severely wounded.
The kobold brigand hits you with a +0 short sword.
You strike the helpless kobold brigand from behind!
You slash the kobold brigand! You freeze the kobold brigand.
You kill the kobold brigand!
Cheibriados appreciates the change of pace.
You can now bend time to slow others.
Cheibriados raises the support of your attributes as your movement slows.
Your Long Blades skill increases to level 9!
Your Armour skill increases to level 2!
Your Invocations skill increases to level 3!
Unknown command.
You slash the two-headed ogre! You freeze the two-headed ogre.
The two-headed ogre is lightly wounded.
The two-headed ogre hits you with a +0 giant club!!
The two-headed ogre hits you with a +0 giant spiked club.
You hit the two-headed ogre. You freeze the two-headed ogre.
The two-headed ogre is moderately wounded.
You catch the helpless two-headed ogre completely off-guard!
You slice the two-headed ogre!! You freeze the two-headed ogre.
The two-headed ogre is severely wounded.
The two-headed ogre hits you with a +0 giant club!
* * * LOW HITPOINT WARNING * * *
The two-headed ogre barely misses you.
You hit the two-headed ogre. You freeze the two-headed ogre.
The two-headed ogre is almost dead.
You flicker back into view.
The two-headed ogre hits you with a +0 giant club.
You die... ▓▓▓▓▓▓▓▓▓▓▓▓▓▓▓▓▓▓▓▓▓▓▓▓ ...ODyO@..[..)?!'_______ ▓▓▓▓▓▓▓▓▓▓▓▓▓▓▓▓▓▓▓▓▓▓▓▓

You could see 2 two-headed ogres, an acid dragon and a vampire mosquito.

Vanquished Creatures
  A wyvern (D)
  A kobold brigand (D)
  A scorpion (D)
  An iguana (D)
  A shadow imp (D)
  A dart slug (D)
  A bat (D)
  A giant cockroach (D)
  A goblin (D)
  A hobgoblin (D)
  A quokka (D)
  A rat (D)
12 creatures vanquished.

Notes
Turn   | Place    | Note
-------+----------+-------------------------------------------
     0 | D        | rocky1 the Djinni Gladiator began the quest for the Orb.
     0 | D        | Reached XP level 1. HP: 18/18 MP: 0/0
    10 | D        | Reached skill level 3 in Long Blades
    18 | D        | Reached XP level 2. HP: 23/23 MP: 0/0
    24 | D        | Noticed a scorpion
    30 | D        | Killed a scorpion
    31 | D        | Reached skill level 5 in Long Blades
    31 | D        | Reached XP level 3. HP: 8/30 MP: 0/0
    31 | D        | Learned a level 1 spell: Necrotise
    31 | D        | Reached XP level 4. HP: 9/35 MP: 0/0
    40 | D        | Reached skill level 6 in Long Blades
    46 | D        | Reached XP level 5. HP: 14/40 MP: 0/0
    46 | D        | Learned a level 2 spell: Passwall
    48 | D        | HP: 2/40 [shadow imp/nerve-wracking pain (11)]
    50 | D        | Reached skill level 1 in Armour
   494 | D        | Found a snail-covered altar of Cheibriados.
   494 | D        | Found a shadowy altar of Dithmenos.
   494 | D        | Found a white marble altar of Elyvilon.
   494 | D        | Found a blossoming altar of Fedhas.
   494 | D        | Found an opulent altar of Gozag.
   495 | D        | Found a hazy altar of Hepliaklqana.
   496 | D        | Found a viscous altar of Jiyva.
   498 | D        | Became a worshipper of Cheibriados the Contemplative
   499 | D        | Found a corrupted altar of Lugonu.
   500 | D        | Found a burning altar of Makhleb.
   501 | D        | Found a sparkling altar of Nemelex Xobeh.
   502 | D        | Found an iron altar of Okawaru.
   503 | D        | Found a stormy altar of Qazlal.
   504 | D        | Found a sacrificial altar of Ru.
   506 | D        | Found a bloodstained altar of Trog.
   507 | D        | Found a hide-covered altar of Uskayaw.
   509 | D        | Found an ornate altar of the Wu Jian Council.
   510 | D        | Found a shimmering altar of Xom.
   511 | D        | Found a basalt altar of Yredelemnul.
   512 | D        | Found a glowing silver altar of Zin.
   513 | D        | Found a glowing golden altar of the Shining One.
   529 | D        | Got the +2 scimitar of the Ship {freeze, rElec}
   658 | D        | Noticed a two-headed ogre
   658 | D        | Noticed a two-headed ogre
   658 | D        | Noticed an acid dragon
   658 | D        | Noticed a vampire mosquito
   658 | D        | Noticed a kobold brigand
   658 | D        | Noticed a wyvern
   662 | D        | Killed a wyvern
   663 | D        | Reached skill level 8 in Long Blades
   663 | D        | Reached skill level 1 in Stealth
   663 | D        | Reached XP level 6. HP: 23/47 MP: 0/0
   670 | D        | Reached * piety under Cheibriados
   671 | D        | Reached skill level 9 in Long Blades
   674 | D        | Slain by a two-headed ogre

Illustrated notes

Levels and vault maps discovered:
D:        linesprint [early_d, line_temple, items_1, d_10, items_2, lair_1,
          lair_end, items_3, orc_1, orc_end, items_4, d_15, swamp_1, shoals_1,
          snake_1, spider_1, d_20, vaults_1, items_5, swamp_end, shoals_end,
          snake_end, spider_end, vaults_end, d_27, items_6, zot_1, zot_end,
          crypt_end, forest_end, elf_end, slime_end, tomb_end, abyss_end,
          pan_hell_end]

Skill      XL: |  1  2  3  4  5  6 |
---------------+-------------------+-----
Long Blades    | 3 5 6 8 9 |  9.3
Dodging        | 4 6 7 |  7.7
Fighting       | 3 4 |  4.3
Armour         | 1 2 |  2.3
Stealth        | 1 |  1.6
Invocations    | 2 3 |  3.3
Throwing       | |  1.8

Action                     |  1- 3 |  4- 6 || total
---------------------------+-------+-------++-------
  Melee: Long sword        |    19 |    18 ||    37
         Punch             |     1 |       ||     1
         Scimitar          |       |    14 ||    14
  Throw: Javelin           |     1 |       ||     1
    Use: Potion            |       |     3 ||     3
   Stab: Invisible         |       |     6 ||     6
 Armour: Leather armour    |     8 |     7 ||    15
         Chain mail        |       |    10 ||    10
  Dodge: Dodged            |    14 |    16 ||    30

Table legend: (Time is in decaauts)
 A = Elapsed time spent in this place.
 B = Non-inter-level travel time spent in this place.
 C = Inter-level travel time spent in this place.
 D = Time resting spent in this place.
 E = Time spent auto-exploring this place.
 F = Levels seen in this place.
 G = Mean time per level.
                   A        B        C        D        E       F      G
               +--------+--------+--------+--------+--------+-----+--------+
         Total |    688 |    688 |      0 |    536 |      0 |   1 |  688.0 |
       Dungeon |    688 |    688 |      0 |    536 |      0 |   1 |  688.0 |
               +--------+--------+--------+--------+--------+-----+--------+

Top non-repeatable levels by time:
       D: 688 daAuts
